cohdb
Replays
Latest Replays
All Replays
Popular Replays
Top Player Replays
Match Explorer
How It Works
Community
CoH3 Stats
Reddit
Sign in to upload your games and track your stats! →
Sign in with Steam
Match 40714178
Unlisted
Match 40714178
Overview
Messages
Build Orders
End
Construct Section Command Post
Infantry Section
Infantry Section
Selects Indian Artillery Battlegroup
Infantry Section
Infantry Section
Construct Field Infirmary
Construct Platoon Command Post
Humber Armored Car
Selects Valour
Selects Gurkha Rifles Section
6-pounder Anti-tank Gun Team
Pano_ramix
Goodvyn
0
0
Comments
sign in to comment!
No comments posted yet!